 Dungeon Crawl Stone Soup version 0.20-a0-739-g6bb112f (webtiles) character file.

445 polly the Shield-Bearer (level 7, -5/44 HPs)
             Began as a Gargoyle Fighter on Feb 25, 2017.
             Slain by a two-headed ogre
             ... wielding a +0 giant spiked club
              (22 damage)
             ... on level 5 of the Dungeon.
             The game lasted 00:04:24 (3822 turns).

polly the Shield-Bearer (Gargoyle Fighter)          Turns: 3822, Time: 00:04:24

Health: -5/44      AC: 18    Str: 27    XL:     7   Next: 3%
Magic:  7/7        EV:  6    Int:  8    God:
Gold:   176        SH: 11    Dex: 17    Spells: 6/6 levels left

rFire    . . .     SeeInvis .   a - +0 flail
rCold    . . .     Gourm    .   A - +0 plate armour
rNeg     + . .     Faith    +   c - +0 shield
rPois    ∞         Spirit   .   (no helmet)
rElec    +         Reflect  .   v - +1 cloak
rCorr    .         Harm     .   (no gloves)
MR       .....                  (no boots)
Stlth    ..........             z - amulet of faith
Regen    0.2/turn               B - +2 ring of strength
MPRegen  0.1/turn               o - +6 ring of dexterity

@: mighty
A: negative energy resistance 1, electricity resistance, unbreathing,
petrification resistance, rot immunity, AC +4
a: no special abilities


You were on level 5 of the Dungeon.
You were near starving.

You visited 1 branch of the dungeon, and saw 5 of its levels.

You collected 176 gold pieces.

Inventory:

Hand Weapons
 a - a +0 flail (weapon)
Armour
 c - a +0 shield (worn)
 v - a +1 cloak (worn)
 A - a +0 plate armour (worn)
Jewellery
 o - a +6 ring of dexterity (left hand)
 z - an amulet of faith (around neck)
 B - a +2 ring of strength (right hand)
Wands
 b - a wand of polymorph (9/24)
 r - a wand of confusion (20/48)
 y - a wand of scattershot (1/9)
Scrolls
 e - a scroll of noise {unknown}
 g - a scroll of enchant armour {unknown}
 h - a scroll of enchant weapon {unknown}
 j - 2 scrolls of blinking {unknown}
 l - 4 scrolls of remove curse {unknown}
 p - 2 scrolls of immolation {unknown}
 q - a scroll of identify {unknown}
 s - a scroll of random uselessness {unknown}
 t - a scroll of amnesia {unknown}
 u - 2 scrolls of teleportation {unknown}
 w - a scroll of magic mapping {unknown}
 x - a scroll of fog {unknown}
Potions
 k - 2 potions of brilliance {unknown}
 n - a potion of agility {unknown}
Comestibles
 f - 5 bread rations
 i - 2 royal jellies
 m - 8 fruits


   Skills:
 + Level 4.3 Fighting
 + Level 4.3 Maces & Flails
 + Level 4.3 Armour
 + Level 1.1 Dodging
 + Level 0.2 Stealth
 + Level 5.5 Shields


You had 6 spell levels left.
You didn't know any spells.

Dungeon Overview and Level Annotations

Branches:
Dungeon (5/15)
 Temple: D:4-7

Altars:
Dithmenos
Elyvilon
Fedhas
Kikubaaqudgha
Makhleb
Qazlal
Wu Jian
Zin

Shops:
D:3 *


Innate Abilities, Weirdness & Mutations

You are resistant to torment.
Your stone body is resilient. (AC +4)
You are immune to poison.
You resist negative energy. (rN+)
You are resistant to electric shocks. (rElec)
You can survive without breathing.
You are immune to petrification.
You are immune to rotting.


Message History

There is a stone staircase leading up here.
Your shield and plate armour prevent you from hitting the two-headed ogre.
You bludgeon the two-headed ogre!!
The two-headed ogre is heavily wounded.
You block the two-headed ogre's attack.
The two-headed ogre hits you with a giant spiked club.
You sock the two-headed ogre!
The two-headed ogre is severely wounded.
The two-headed ogre hits you with a giant spiked club!
The two-headed ogre barely misses you.
Your shield and plate armour prevent you from hitting the two-headed ogre.
The two-headed ogre is severely wounded.
The two-headed ogre barely misses you.
The two-headed ogre hits you with a giant spiked club.
You hit the two-headed ogre but do no damage.
The two-headed ogre is severely wounded.
The two-headed ogre hits you with a giant spiked club!
The two-headed ogre hits you with a giant spiked club!!
Ouch! That really hurt!
You die...

....#######.........## ###
....#.....#........_∩#####...
....#.....#.........###......
....+.....'....#....###.....
....#####'#....#..####.....
...............#####+#....#######
####......................#......
#..#.............O........'......
#..#..........."@.........##..###
#..############.......#'####..##.
#..#.)........#########..........
##'##............................
#..##.....##..##.....##...######.
#..#########..##.....###########.
#..#.............................
#..'.....>.......................
##'##########'##.....##..#######.


You could see a two-headed ogre.

Vanquished Creatures
  The ghost of Shinore the Magician, an amateur DECj (D:3)
  A hound (D:5)
  An orc wizard (D:3)
  A bullfrog skeleton (D:5)
  3 worker ants (D:4)
  8 adders
  An ooze (D:2)
  An adder skeleton (D:5)
  2 worms
  5 leopard geckos
  8 orcs
  3 bats (D:1)
  6 giant cockroaches
  7 goblins
  12 hobgoblins
  8 jackals (D:4)
  7 kobolds
  A ball python (D:2)
  A ball python skeleton (D:4)
  4 frilled lizards
  7 rats
  A rat zombie (D:4)
89 creatures vanquished.

Notes
Turn   | Place    | Note
-------+----------+-------------------------------------------
     0 | D:1      | polly the Gargoyle Fighter began the quest for the Orb.
     0 | D:1      | Reached XP level 1. HP: 14/14 MP: 1/1
   121 | D:1      | Reached XP level 2. HP: 19/19 MP: 2/2
   767 | D:2      | Reached XP level 3. HP: 15/23 MP: 3/3
   989 | D:2      | Reached skill level 4 in Shields
  1243 | D:2      | Reached XP level 4. HP: 16/29 MP: 4/4
  1862 | D:3      | Reached XP level 5. HP: 31/33 MP: 5/5
  1938 | D:3      | Found Zin's Purification Station.
  1939 | D:3      | Found a glowing silver altar of Zin.
  2077 | D:3      | Noticed Shinore's ghost (amateur DECj)
  2094 | D:3      | Killed Shinore's ghost
  2094 | D:3      | Reached skill level 1 in Dodging
  2094 | D:3      | Reached XP level 6. HP: 21/38 MP: 6/6
  2346 | D:3      | Reached skill level 5 in Shields
  2562 | D:4      | Found a white marble altar of Elyvilon.
  3014 | D:4      | Found an ancient bone altar of Kikubaaqudgha.
  3057 | D:5      | Entered Level 5 of the Dungeon
  3076 | D:5      | Found a burning altar of Makhleb.
  3160 | D:5      | Reached XP level 7. HP: 35/44 MP: 7/7
  3198 | D:5      | Found a stormy altar of Qazlal.
  3201 | D:5      | Found a shadowy altar of Dithmenos.
  3201 | D:5      | Found an ornate altar of the Wu Jian Council.
  3355 | D:5      | Found a blossoming altar of Fedhas.
  3491 | D:5      | Noticed a two-headed ogre
  3515 | D:5      | HP: 2/44 [two-headed ogre/giant spiked club (12)]
  3822 | D:5      | Slain by a two-headed ogre

Vault maps used:
D:1:      shiori_arrival_elements, minivault_26
D:2:      nicolae_overflow_hidden_temple, first_bread, st_stairs_4
D:3:      zin_purify
D:4:      lemuel_zombie_altar_kikubaaqudgha, old_standard_altar
D:5:      grunt_temple_overflow_open, makhleb_heckhound_becter, fedhas_altar_2

Skill      XL: |  1  2  3  4  5  6 |
---------------+-------------------+-----
Shields        | 4 5 |  5.5
Maces & Flails | 3 4 |  4.3
Fighting       | 4 |  4.3
Armour         | 4 |  4.3
Dodging        | 1 |  1.1
Stealth        | |  0.2

Action                   |  1- 3 |  4- 6 |  7- 9 || total
-------------------------+-------+-------+-------++-------
Melee: Flail             |   138 |   262 |     9 ||   409
  Use: Potion            |       |       |     1 ||     1
  Eat: Chunk             |    11 |       |       ||    11
Armor: Scale mail        |   132 |   137 |       ||   269
       Plate armour      |       |    13 |     3 ||    16
Dodge: Dodged            |    86 |   105 |     3 ||   194
Block: Shield            |    93 |   156 |     3 ||   252
